 Dungeon Crawl Stone Soup version 0.24.0-123-gd5b16e6ec5 (webtiles) character file.

Game seed: 12248631820220585789, levelgen mode: deterministic

5432 Gynju the Destroyer (level 10, -5/52 HPs)
             Began as a Gargoyle Earth Elementalist on Dec 18, 2019.
             Was a Follower of Ashenzari.
             Slain by a three-headed hydra (10 damage)
             ... on level 9 of the Dungeon on Dec 21, 2019.
             The game lasted 00:31:05 (11835 turns).

Gynju the Destroyer (Gargoyle Earth Elementalist)  Turns: 11835, Time: 00:31:07

Health: -5/52      AC: 16    Str: 15    XL:     10   Next: 67%
Magic:  17/20      EV: 11    Int: 16    God:    Ashenzari [*.....]
Gold:   341        SH:  0    Dex: 10    Spells: 7/22 levels left

rFire    . . .     SeeInvis .   x - +0 lajatang (curse)
rCold    . . .     Gourm    .   (shield currently unavailable)
rNeg     + . .     Faith    .   j - +0 leather armour
rPois    ∞         Spirit   .   D - +0 helmet
rElec    +         Reflect  .   (no cloak)
rCorr    +         Harm     .   r - +2 pair of gloves
MR       .....                  n - +1 pair of boots
Stlth    +++.......             (no amulet)
HPRegen  0.17/turn              c - ring of resist corrosion
MPRegen  0.17/turn              k - ring of stealth

@: studying Throwing
A: negative energy resistance 1, electricity resistance, unbreathing,
petrification resistance, rot immunity, AC +7
a: Curse Item, Scrying, Renounce Religion


You were on level 9 of the Dungeon.
You worshipped Ashenzari.
Ashenzari was aware of your devotion.
You were hungry.

You visited 2 branches of the dungeon, and saw 10 of its levels.

You collected 341 gold pieces.

Inventory:

Hand Weapons
 w - the +6 dagger "Kug Jui" {flame, rElec Int+2 Dex-3 Stlth+}
   (You found it on level 4 of the Dungeon)

   It has been specially enchanted to burn those struck by it, causing extra
   injury to most foes and up to half again as much damage against particularly
   susceptible opponents.
   It affects your intelligence (+2).
   It affects your dexterity (-3).
   It insulates you from electricity.
   It makes you more stealthy.
 x - a cursed +0 lajatang (weapon)
 z - a +5 trident
Missiles
 e - 36 poisoned darts
 H - 4 stones (quivered)
Armour
 j - a +0 leather armour (worn)
 n - a +1 pair of boots (worn)
 r - a +2 pair of gloves (worn)
 D - a +0 helmet (worn)
Jewellery
 c - a ring of resist corrosion (left hand)
 k - a ring of stealth (right hand)
 u - an uncursed ring of fire
Wands
 C - a wand of iceblast (9)
 G - a wand of clouds (5)
Scrolls
 a - a scroll of fog {unknown}
 g - a scroll of identify {@r1}
 t - 4 scrolls of remove curse {@r2}
 v - 2 scrolls of magic mapping {unknown}
 y - a scroll of enchant weapon {unknown}
 A - 3 scrolls of teleportation {unknown}
 F - a scroll of immolation
Potions
 f - a potion of cancellation {unknown}
 h - 5 potions of might
 i - 2 potions of brilliance
 l - 2 potions of flight {unknown}
 m - 4 potions of lignification
 o - a potion of heal wounds {unknown}
 p - 2 potions of haste
 q - 2 potions of curing {unknown}
 s - 3 potions of resistance
 B - a potion of berserk rage {unknown}
Books
 E - a manual of Throwing
Comestibles
 d - 21 rations


   Skills:
 - Level 1.0 Fighting
   Level 1.0(3.3) Maces & Flails
 + Level 5.1(5.2) Staves
 - Level 1.5 Dodging
 - Level 2.1 Stealth
 + Level 6.6 Spellcasting
 - Level 10.0 Conjurations
 + Level 3.4 Transmutations
 - Level 10.0 Earth Magic


You had 7 spell levels left.
You knew the following spells:

 Your Spells              Type           Power        Failure   Level  Hunger
a - Stone Arrow           Conj/Erth      #####.       1%          3    ##.....
b - Passwall              Tmut/Erth      ####....     1%          2    None
c - Sandblast             Erth           #####.       1%          1    None
d - Lee's Rapid Deconstr  Erth           #####.....   7%          5    #####..
e - Petrify               Tmut/Erth      ####....     10%         4    ####...

Your spell library contained the following spells:

 Spells                   Type           Power        Failure   Level  Hunger
 Magic Dart               Conj           ####         1%          1    None
 Conjure Flame            Conj/Fire      ###.....     6%          3    ##.....
 Mephitic Cloud           Conj/Pois/Air  ###.....     12%         3    ##.....
 Blink                    Tloc           N/A          24%         2    None
 Call Imp                 Summ           #.......     24%         2    None
 Slow                     Hex            #.......     24%         2    None


Dungeon Overview and Level Annotations

Branches:
Dungeon (9/15)             Temple (1/1) D:4
   Lair: D:8-11         Orc: D:9-12

Altars:
Ashenzari
Cheibriados
Dithmenos
Elyvilon
Fedhas
Gozag
Hepliaklqana
Kikubaaqudgha
Makhleb
Nemelex Xobeh
Okawaru
Qazlal
Ru
Sif Muna
Trog
Uskayaw
Vehumet
Wu Jian
Xom
Yredelemnul
Zin
The Shining One
Beogh

Shops:
D:8 %(

Annotations:
D:9 1 transporter


Innate Abilities, Weirdness & Mutations

You are resistant to torment.
Your stone body is resilient. (AC +7)
You are immune to poison.
You resist negative energy. (rN+)
You are resistant to electric shocks. (rElec)
You can survive without breathing.
You are immune to petrification.
You are immune to rotting.


Message History

The plant is moderately damaged.
The three-headed hydra bites you!
The three-headed hydra bites you but does no damage. x2
You enter the shallow water.
Moving in this stuff is going to be slow.
You see here a +0 whip.
You see here 19 bolts.
The three-headed hydra closely misses you.
The three-headed hydra bites you. The three-headed hydra bites you!
* * * LOW HITPOINT WARNING * * *
You are feeling hungry.
A centaur skeleton comes into view.
The centaur skeleton hits you but does no damage.
You slice the centaur skeleton!!
The centaur skeleton is severely damaged.
The centaur skeleton hits you. The three-headed hydra bites you!
* * * LOW HITPOINT WARNING * * *
The three-headed hydra bites you but does no damage.
The three-headed hydra bites you!
You die...

#....<..................
#.######.######.)..(....
#.# ###.# ####.#<#.....
#.# #...# #..(...).....
#.####.### #........''##
#....#.# #......).#...
#.##.#.# ######...#...
#)##.#.##########...#...
#>.....@Z.......'...'...
#.####D##########...#...
##..# #.# #...#... #...#
#.# #...#... #...###.#
#####... #.......# #...
#..###### ##.. #....#
#... ###.##.# #..©


You could see a three-headed hydra and a centaur skeleton.

Vanquished Creatures
  2 dream sheep (D:9)
  3 humans (D:9)
  2 yaks (D:9)
  Menkaure (D:7)
  4 orc warriors
  2 ice beasts
  A sky beast (D:8)
  5 phantoms
  A necrophage (D:8)
  3 centaurs
  4 ogres
  4 big kobolds
  2 bullfrogs
  2 scorpions
  10 wights
  6 electric eels (D:7)
  2 crimson imps
  5 orc priests
  4 jellies
  7 hounds
  2 bullfrog skeletons
  7 orc wizards
  An iguana (D:8)
  7 worker ants
  A killer bee zombie (D:7)
  2 hound skeletons
  11 gnolls
  7 adders
  5 shadow imps
  An ooze (D:3)
  An adder zombie (D:5)
  4 worms
  2 dart slugs
  4 leopard geckos
  40 orcs
  8 giant cockroaches
  10 goblins
  14 hobgoblins
  7 jackals
  2 quokkas
  A ball python (D:1)
  10 bats
  5 frilled lizards
  8 kobolds
  14 rats
244 creatures vanquished.

Notes
Turn   | Place    | Note
-------+----------+-------------------------------------------
     0 | D:1      | Gynju the Gargoyle Earth Elementalist began the quest for
                  | the Orb.
     0 | D:1      | Reached XP level 1. HP: 10/10 MP: 3/3
   128 | D:1      | Reached XP level 2. HP: 16/16 MP: 1/5
   143 | D:1      | Reached skill level 1 in Fighting
   770 | D:1      | Reached XP level 3. HP: 14/20 MP: 4/6
  1310 | D:2      | Reached skill level 1 in Maces & Flails
  1489 | D:1      | Learned a level 2 spell: Passwall
  1493 | D:1      | Learned a level 3 spell: Stone Arrow
  1987 | D:2      | Reached skill level 1 in Conjurations
  1987 | D:2      | Reached XP level 4. HP: 17/25 MP: 6/8
  2555 | D:3      | Found a radiant altar of Vehumet.
  2805 | D:3      | Reached XP level 5. HP: 29/29 MP: 9/9
  2831 | D:3      | Reached skill level 5 in Earth Magic
  3300 | D:3      | Reached XP level 6. HP: 22/34 MP: 11/11
  3589 | D:3      | Found a glowing silver altar of Zin.
  3982 | D:4      | Noticed a phantom
  4040 | D:4      | Killed a phantom
  4134 | D:4      | Found a staircase to the Ecumenical Temple.
  4145 | Temple   | Entered the Ecumenical Temple
  4390 | Temple   | Became a worshipper of Ashenzari the Shackled
  4485 | D:4      | Found a stormy altar of Qazlal.
  4487 | D:4      | Noticed an air elemental
  4492 | D:4      | Noticed a fire elemental
  4492 | D:4      | Noticed a water elemental
  5153 | D:4      | Got the dagger "Kug Jui" {flame, rElec Int+2 Dex-3 Stlth+}
  5204 | D:4      | Identified the +6 dagger "Kug Jui" {flame, rElec Int+2
                  | Dex-3 Stlth+} (You found it on level 4 of the Dungeon)
  5206 | D:5      | Entered Level 5 of the Dungeon
  5216 | D:5      | Noticed an ice beast
  5228 | D:5      | Reached XP level 7. HP: 17/38 MP: 13/13
  5676 | D:5      | Reached skill level 5 in Spellcasting
  5676 | D:5      | Reached skill level 5 in Conjurations
  6022 | D:5      | Reached XP level 8. HP: 43/43 MP: 13/16
  7623 | D:6      | Reached XP level 9. HP: 21/47 MP: 9/18
  8258 | D:7      | Noticed Menkaure
  8270 | D:7      | Killed Menkaure
  8497 | D:7      | Found a glowing golden altar of the Shining One.
  8544 | D:7      | Reached * piety under Ashenzari
  9209 | D:8      | Reached skill level 1 in Staves
  9243 | D:8      | Found Pafu's Food Shoppe.
  9467 | D:8      | Found Upnater's Antique Weapon Emporium.
  9740 | D:8      | Reached XP level 10. HP: 38/52 MP: 13/19
  9928 | D:8      | Reached skill level 10 in Conjurations
 10015 | D:8      | Reached skill level 1 in Transmutations
 10367 | D:8      | Found a roughly hewn altar of Beogh.
 10814 | D:9      | Found a transporter.
 11121 | D:9      | Reached skill level 10 in Earth Magic
 11567 | D:9      | Learned a level 5 spell: Lee's Rapid Deconstruction
 11572 | D:9      | Learned a level 4 spell: Petrify
 11605 | D:9      | Reached skill level 5 in Staves
 11744 | D:9      | Noticed a three-headed hydra
 11835 | D:9      | Slain by a three-headed hydra

Levels and vault maps discovered:
D:1:      nzn_arrival_crosshair, layout_loops_ring
D:2:      layout_basic
D:3:      layout_basic, vehumet_crystals, old_standard_altar,
          minmay_increasing_density
D:4:      layout_basic, nicolae_qazlal_style_of_elements,
          minmay_temple_entry_glassed_door, first_ration
D:5:      layout_rooms
D:6:      layout_basic, minmay_manual_mandibuliform
D:7:      cheibrodos_two_vegetables, layout_rooms, marbit_many_paths,
          uniq_menkaure
D:8:      layout_rooms, special_room [special_room_orc], serial_shops, shop,
          shop
D:9:      gammafunk_cloud_chamber, layout_basic, hangedman_ranch
          [blue_anna_fruit_fields], minmay_ruffians
Temple:   dpeg_five_rooms_temple

Skill      XL: |  1  2  3  4  5  6  7  8  9 10 |
---------------+-------------------------------+-----
Fighting       | 1 |  1.0
Earth Magic    | 4 5 6 9 10 | 10.0
Maces & Flails | 1 |  1.0
Conjurations   | 1 3 4 5 8 9 10 | 10.0
Spellcasting   | 3 4 5 6 |  6.6
Staves         | 2 5 |  5.1
Transmutations | 3 |  3.4
Dodging        | |  1.5
Stealth        | |  2.1

Action                   |  1- 3 |  4- 6 |  7- 9 | 10-12 || total
-------------------------+-------+-------+-------+-------++-------
Melee: Dagger            |    14 |    12 |    24 |       ||    50
       Club              |    96 |    40 |       |       ||   136
       Flail             |       |    60 |       |       ||    60
       Halberd           |       |   101 |       |       ||   101
       Trident           |       |       |   116 |       ||   116
       Long sword        |       |       |    14 |       ||    14
       Lajatang          |       |       |    28 |   158 ||   186
Throw: Stone             |     1 |       |     4 |       ||     5
       Dart              |       |       |       |     1 ||     1
 Cast: Sandblast         |    20 |    26 |   151 |    54 ||   251
       Stone Arrow       |       |     2 |     8 |    18 ||    28
       Lee's Rapid Decon |       |       |       |     1 ||     1
Invok: Curse Item        |       |       |     1 |       ||     1
  Use: Scroll            |     5 |     5 |     1 |     1 ||    12
 Stab: Sleeping          |     8 |     6 |     8 |     1 ||    23
  Eat: Chunk             |     4 |     7 |    14 |     5 ||    30
       Ration            |       |     1 |       |     1 ||     2
Armor: Robe              |    31 |       |       |       ||    31
       Leather armour    |       |   121 |   166 |   126 ||   413
Dodge: Dodged            |    79 |   157 |   177 |   131 ||   544
       Rpst.: Long sword |       |       |     4 |       ||     4
